 Dungeon Crawl Stone Soup version 0.26-a0-639-g72c4674329 (webtiles) character file.

Game seed: 1533990908868854946

338 Borgoz the Ruffian (level 6, 0/52 HPs)
             Began as a Ghoul Monk on Sept 20, 2020.
             Slain by a hound (3 damage)
             ... on level 4 of the Dungeon.
             The game lasted 00:04:58 (4712 turns).

Borgoz the Ruffian (Ghoul Monk)                     Turns: 4712, Time: 00:04:58

Health: 0/52       AC:  2    Str: 16    XL:     6   Next: 55%
Magic:  5/5        EV: 13    Int:  5    God:
Gold:   218        SH:  0    Dex: 12    Spells: 5/5 levels left

rFire    . . .     SeeInvis .     - Unarmed
rCold    + . .     Faith    .   (no shield)
rNeg     + + +     Spirit   .   a - +0 robe
rPois    ∞         Reflect  .   (no helmet)
rElec    .         Harm     .   (no cloak)
rCorr    .         Rampage  .   (no gloves)
MR       .....                  (no boots)
Stlth    +++.......             (no amulet)
HPRegen  0.00/turn              s - ring of stealth
MPRegen  0.09/turn              (no ring)

@: flying, very slightly contaminated, invisible
A: rotting body, claws 1, cold resistance 1, negative energy resistance 3,
inhibited regeneration, torment resistance, unbreathing
a: no special abilities


You were on level 4 of the Dungeon.
You visited 1 branch of the dungeon, and saw 4 of its levels.

You collected 218 gold pieces.

Inventory:

Missiles
 f - a throwing net (quivered)
Armour
 a - a +0 robe (worn)
 m - a +0 plate armour
Jewellery
 h - a cursed amulet of inaccuracy {unknown}
 s - a ring of stealth (left claw)
Scrolls
 b - 3 scrolls of teleportation {unknown}
 c - 3 scrolls of noise {unknown}
 j - a scroll of fog
 l - a scroll of enchant armour {unknown}
 q - a scroll of remove curse {unknown}
 r - a scroll of amnesia
 t - a scroll of fear {unknown}
Potions
 d - 3 potions of heal wounds {unknown}
 e - 2 potions of stabbing {unknown}
 g - a potion of curing {unknown}
 i - 3 potions of flight
 k - a potion of magic
 o - 2 potions of berserk rage {unknown}
 p - 2 potions of ambrosia {unknown}


   Skills:
 + Level 4.1 Fighting
 * Level 3.0 Armour
 + Level 3.4 Dodging
 + Level 3.5 Stealth
 * Level 5.0 Unarmed Combat


You had 5 spell levels left.
You didn't know any spells.
Your spell library contained the following spells:

 Spells                   Type           Power        Failure   Level
 Sandblast                Erth           #.....       47%         1
 Stone Arrow              Conj/Erth      #.....       85%         3
 Ignition                 Fire           #.........   100%        8
 Statue Form              Tmut/Erth      Unusable     N/A         6

Dungeon Overview and Level Annotations

Branches:
Dungeon (4/15)
 Temple: D:4-7

Altars:
Cheibriados
Gozag
Zin


Innate Abilities, Weirdness & Mutations

Your body is rotting away.
You thrive by killing the living.
You are immune to poison.
You have sharp fingernails.
Your flesh is cold resistant. (rC+)
You are immune to negative energy. (rN+++)
You do not regenerate when monsters are visible.
You are immune to unholy pain and torment.
You can survive without breathing.


Message History

* * * LOW HITPOINT WARNING * * *
You are very lightly contaminated with residual magic.
You closely miss the hound. The hound closely misses you. The hound bites you.
* * * LOW HITPOINT WARNING * * *
You scratch the hound.
The hound is lightly wounded.
The hound barely misses you.
You closely miss the hound.
The hound is lightly wounded.
The hound bites you.
* * * LOW HITPOINT WARNING * * *
You closely miss the hound. Your claw misses the hound.
The hound is lightly wounded.
The hound bites you.
* * * LOW HITPOINT WARNING * * *
The hound closely misses you.
It was a potion of flight.
You feel very buoyant.
You fly up into the air.
The hound bites you.
You die...

######################
.........#......@har.#
.#######...########''######
.# #.###≈≈≈≈≈≈r..≈≈≈≈≈≈ .#
#.# ≈.............. .# #.#
≈..##......##.. .#######.#
≈. ##....## . ......##.#
#....# .####.##.## ......#
.# #.....# .........


You could see a hound, a worker ant and a quokka.

Vanquished Creatures
  Blork the orc (D:4)
  Jessica (D:3)
  An orc wizard (D:2)
  4 gnolls (D:3)
  8 adders
  An ooze (D:1)
  4 worms
  4 dart slugs
  6 leopard geckos
  5 orcs
  2 giant cockroaches
  13 goblins
  8 hobgoblins
  4 jackals
  A quokka (D:3)
  A ball python (D:3)
  5 bats
  2 frilled lizards
  6 kobolds
  A quokka skeleton (D:4)
  9 rats
87 creatures vanquished.

Notes
Turn   | Place    | Note
-------+----------+-------------------------------------------
     0 | D:1      | Borgoz the Ghoul Monk began the quest for the Orb.
     0 | D:1      | Reached XP level 1. HP: 19/19 MP: 0/0
   295 | D:1      | Reached XP level 2. HP: 26/26 MP: 1/1
   600 | D:1      | Reached skill level 1 in Armour
   767 | D:1      | Reached XP level 3. HP: 31/31 MP: 2/2
  1192 | D:2      | Reached skill level 4 in Unarmed Combat
  1213 | D:2      | Reached XP level 4. HP: 16/38 MP: 3/3
  2517 | D:2      | Reached XP level 5. HP: 17/46 MP: 4/4
  3058 | D:3      | Noticed Jessica
  3068 | D:3      | Killed Jessica
  3182 | D:3      | HP: 1/46 [gnoll/cursed -3 halberd (3)]
  3515 | D:3      | Found an opulent altar of Gozag.
  3516 | D:3      | Found a snail-covered altar of Cheibriados.
  3662 | D:3      | Reached XP level 6. HP: 52/52 MP: 5/5
  3862 | D:3      | Identified the Tome of Clay and Heat
  4457 | D:4      | Noticed Blork the orc
  4475 | D:4      | Killed Blork the orc
  4475 | D:4      | Reached skill level 5 in Unarmed Combat
  4562 | D:4      | Found a glowing silver altar of Zin.
  4712 | D:4      | Slain by a hound

Illustrated notes

Levels and vault maps discovered:
D:1:      psy_arrival_radial01, layout_loops_corners
D:2:      minmay_wonky_spiral, layout_basic
D:3:      minmay_octagon_keep, layout_basic,
          chequers_temple_overflow_statue_of_worship, uniq_jessica
D:4:      layout_loops_ring, zin_statuary, kennysheep_dice, uniq_blork_the_orc

Skill      XL: |  1  2  3  4  5  6 |
---------------+-------------------+-----
Armour         | 1 2 3 |  3.0
Unarmed Combat | 4 5 |  5.0
Dodging        | 3 |  3.4
Stealth        | 3 |  3.5
Fighting       | 4 |  4.1

Action                   |  1- 3 |  4- 6 || total
-------------------------+-------+-------++-------
Melee: Unarmed           |    83 |   223 ||   306
       Punch             |     5 |     4 ||     9
Throw: Throwing net      |       |     1 ||     1
  Use: Potion            |       |     4 ||     4
       Scroll            |       |     4 ||     4
 Stab: Sleeping          |     5 |     8 ||    13
Armor: Robe              |    12 |    26 ||    38
Dodge: Dodged            |    47 |   131 ||   178

Table legend: (Time is in decaauts)
 A = Elapsed time spent in this place.
 B = Non-inter-level travel time spent in this place.
 C = Inter-level travel time spent in this place.
 D = Time resting spent in this place.
 E = Time spent auto-exploring this place.
 F = Levels seen in this place.
 G = Mean time per level.
                   A        B        C        D        E       F      G
               +--------+--------+--------+--------+--------+-----+--------+
         Total |   4688 |   4624 |     64 |    888 |   3083 |   4 | 1172.0 |
       Dungeon |   4688 |   4624 |     64 |    888 |   3083 |   4 | 1172.0 |
               +--------+--------+--------+--------+--------+-----+--------+

Top non-repeatable levels by time:
     D:2: 1701 daAuts
     D:3: 1463 daAuts
     D:1: 974 daAuts
     D:4: 549 daAuts
